 Dungeon Crawl Stone Soup version 0.29.1-15-g9cfb28693d (webtiles) character file.

Game seed: 3523834097108502484

118832 CryoSword the Bludgeoner (level 15, -3/113 (141) HPs)
             Began as a Ghoul Fighter on Mar 24, 2023.
             Was the Champion of Ru.
             Slain by a cyan very ugly thing (22 damage)
             ... summoned by a worldbinder
             ... on level 4 of the Abyss.
             The game lasted 01:19:43 (34199 turns).

CryoSword the Bludgeoner (Ghoul Fighter)           Turns: 34199, Time: 01:19:44

HP:   -3/113 (141)  AC: 24    Str: 26    XL:     15   Next: 42%
MP:   14/14         EV:  8    Int:  5    God:    Ru [******]
Gold: 795           SH: 16    Dex:  8    Spells: 14/14 levels left

rFire   + . .      SeeInvis .   w - +2 eveningstar (venom)
rCold   + . .      Faith    .   H - +0 tower shield
rNeg    + + +      Spirit   .   f - +2 ring mail {rF+}
rPois   ∞          Reflect  .   l - +2 helmet
rElec   .          Harm     .   K - scarf {repulsion}
rCorr   .          Rampage  ∞   o - +1 pair of gloves
Will    ++...                   P - +3 pair of seven-league boots {Rampage+∞}
Stlth   ..........              (no amulet)
HPRegen 0.00/turn               k - ring of willpower
MPRegen 0.14/turn               i - +4 ring of protection {=R}

@: exhausted, inhibited regen, heavily drained, repel missiles
A: claws 1, cold resistance 1, negative energy resistance 3, inhibited
regeneration, torment resistance 2, inability to use devices, hated by all,
inability to train dodging, inexperienced 1, devour on kill
}: 1/15 runes: abyssal
a: Renounce Religion, Draw Out Power, Power Leap, Apocalypse


You were on level 4 of the Abyss.
You worshipped Ru.
Ru was exalted by your worship.
You visited 3 branches of the dungeon, and saw 22 of its levels.
You visited the Abyss 1 time.
You also visited: Ossuary and Gauntlet.

You collected 2959 gold pieces.
You spent 2164 gold pieces at shops.

Inventory:

Hand Weapons
 w - a +2 eveningstar of venom (weapon)
   (You acquired it on level 13 of the Dungeon)
Missiles
 e - 7 curare-tipped darts (quivered)
 m - 5 boomerangs
 M - 8 silver javelins
 N - 6 javelins
Armour
 d - a +1 plate armour of willpower
   (You bought it in a shop on level 9 of the Dungeon)
 f - a +2 ring mail of fire resistance (worn)
   (You took it off an orc on level 10 of the Dungeon)
 h - a +1 kite shield
   (You took it off a gnoll sergeant on level 8 of the Dungeon)
 l - a +2 helmet (worn)
   (You found it on level 11 of the Dungeon)
 o - a +1 pair of gloves (worn)
   (You found it on level 1 of the Dungeon)
 p - a +2 cloak of preservation
   (You took it off Crazy Yiuf on level 4 of the Dungeon)
 H - a +0 tower shield (worn)
   (You took it off Louise on level 14 of the Dungeon)
 K - a scarf of repulsion (worn)
   (You bought it in a shop on level 9 of the Dungeon)
 P - the +3 pair of seven-league boots (worn) {Rampage+∞}
   (You bought it in a shop on level 14 of the Dungeon)

   Its wearer moves as far as possible in that direction when moving towards
   enemies.
Jewellery
 a - a ring of protection from cold
   (You took it off a human on level 14 of the Dungeon)
 i - a +4 ring of protection (right hand) {=R}
   (You found it on level 11 of the Dungeon)
 k - a ring of willpower (left hand)
   (You found it on level 1 of the Dungeon)
 s - a +6 ring of intelligence
   (You found it on level 14 of the Dungeon)
 x - a ring of resist corrosion
   (You found it on level 3 of the Dungeon)
 O - a ring of wizardry
   (You found it on level 12 of the Dungeon)
Scrolls
 c - 2 scrolls of poison
 n - 4 scrolls of blinking
 q - 4 scrolls of fog
 u - a scroll of amnesia
 v - 6 scrolls of immolation {!r}
 y - 11 scrolls of fear
 A - a scroll of torment
 B - 7 scrolls of teleportation {@r4}
 D - 3 scrolls of magic mapping
 E - 6 scrolls of enchant armour
 R - a scroll of silence
Potions
 b - 2 potions of might
 g - 8 potions of curing {@q1}
 j - 4 potions of flight
 r - 2 potions of attraction {!q}
 z - 4 potions of magic
 C - 2 potions of brilliance
 F - 2 potions of resistance
 G - 3 potions of invisibility
 L - 2 potions of cancellation


   Skills:
 + Level 15.3 Fighting
 - Level 1.4(10.2) Axes
 * Level 15.3 Maces & Flails
 - Level 2.0(2.3) Polearms
 + Level 11.9 Armour
 - Level 14.1 Shields


You had 14 spell levels left.
You didn't know any spells.
Your spell library contained the following spells:

 Spells                   Type           Power      Damage    Failure   Level
 Blink                    Tloc           0%         N/A       99%         2
 Ensorcelled Hibernation  Hex/Ice        0%         N/A       99%         2
 Scorch                   Fire           0%         2d5       99%         2
 Static Discharge         Conj/Air       0%         3-3/arc   99%         2
 Dazzling Flash           Conj/Hex       0%         N/A       100%        3
 Portal Projectile        Hex/Tloc       0%         N/A       100%        3
 Anguish                  Hex/Necr       0%         N/A       100%        4
 Flame Wave               Conj/Fire      0%         2d4       100%        4
 Leda's Liquefaction      Hex/Erth       0%         N/A       100%        4
 Agony                    Necr           0%         N/A       100%        5
 Lee's Rapid Deconstruct  Erth           0%         3d5*      100%        5
 Lightning Bolt           Conj/Air       0%         1d11      100%        5
 Manifold Assault         Tloc           0%         N/A       100%        5
 Silence                  Hex/Air        0%         N/A       100%        5
 Enfeeble                 Hex            0%         N/A       100%        7
 Maxwell's Capacitive Co  Air            0%         ∞         100%        8
 Spider Form              Tmut/Pois      Unusable   N/A       N/A         3
 Tukima's Dance           Hex            Unusable   N/A       N/A         3
 Blade Hands              Tmut           Unusable   N/A       N/A         5
 Statue Form              Tmut/Erth      Unusable   N/A       N/A         6
 Summon Cactus Giant      Summ           Unusable   N/A       N/A         6
 Storm Form               Tmut/Air       Unusable   N/A       N/A         7

Dungeon Overview and Level Annotations

Branches:
Dungeon (15/15) Temple (0/1) D:5 Lair (5/5) D:9 Swamp (0/4) Lair:3 Spider (0/4) Lair:2 Slime (0/5) Lair:5 Orc (2/2) D:9 Elf (0/3) Orc:2 Vaults (0/5) D:13 D:14 Depths (0/4) D:15 Ossuary (visited) Gauntlet (visited)

Altars:
Dithmenos
Kikubaaqudgha
Makhleb
Nemelex Xobeh
Qazlal
Ru
Sif Muna
Trog
Vehumet
Wu Jian
Xom
Lugonu

Shops:
D:8 :   D:9 [   D:12 (   D:14 [

Portals:
Abyss: D:15
Trove: D:12 (show abyssal rune of Zot)

Annotations:
D:8 3 runed translucent doors, kalagan's ghost, novice DECj
D:9 2 transporters, Henri's ghost, novice OpVM


Innate Abilities, Weirdness & Mutations

You are immune to poison.
You have sharp fingernails.
Your flesh is cold resistant. (rC+)
You are immune to negative energy. (rN+++)
You do not regenerate when monsters are visible.
You are immune to unholy pain and torment.
You cannot study or use magical devices.
You are hated by all.
You cannot train Dodging skill.
You are somewhat inexperienced. (-1 XL)
You thrive by killing the living.


Message History

You are too injured to fight recklessly!
You are too injured to fight recklessly!
You are too injured to fight recklessly!
You are too injured to fight recklessly!
You are too injured to fight recklessly!
You are too injured to fight recklessly!
You bludgeon the kobold brigand!!
The kobold brigand looks as sick as possible!
The kobold brigand hits you with a +0 short sword.
The smoke demon roars!
You bludgeon the kobold brigand!!
You kill the kobold brigand!
You block the kobold brigand's attack. x2
You barely miss the kobold brigand.
The kobold brigand hits you but does no damage.
You block the kobold brigand's attack. The kobold brigand barely misses you.
You barely miss the kobold brigand.
The kobold brigand hits you but does no damage.
You block the kobold brigand's attack.
The kobold brigand hits you but does no damage.
You sock the kobold brigand! You block the kobold brigand's attack.
The kobold brigand barely misses you. x2
You impale the kobold brigand!!
You kill the kobold brigand!
The smoke demon begins to attack, but is stunned by your conviction!
The kobold brigand hits you but does no damage.
You block the kobold brigand's attack.
You hit the kobold brigand.
The kobold brigand is poisoned.
The kobold brigand hits you with a +0 quick blade.
The kobold brigand hits you with a +0 short sword.
You block the kobold brigand's attack.
You flatten the kobold brigand like a pancake!!!
You kill the kobold brigand!
The kobold brigand hits you with a +0 short sword.
You block the kobold brigand's attack.
You hit the kobold brigand.
The kobold brigand is poisoned.
You block the kobold brigand's attack.
The kobold brigand hits you with a +0 rapier.
You block the kobold brigand's attack.
You closely miss the kobold brigand. You block the kobold brigand's attack.
The kobold brigand is stunned by your conviction and fails to attack.
The kobold brigand hits you but does no damage.
You bludgeon the kobold brigand!!
You kill the kobold brigand!
The smoke demon begins to attack, but is stunned by your conviction!
The kobold brigand hits you but does no damage.
The kobold brigand is stunned by your conviction and fails to attack.
You closely miss the smoke demon. You block the smoke demon's attack.
The smoke demon hits you but does no damage.
You block the smoke demon's attack.
The kobold brigand hits you but does no damage.
The kobold brigand hits you with a +0 short sword.
* * * LOW HITPOINT WARNING * * *
The kobold brigand hits you but does no damage.
You barely miss the kobold brigand. You block the smoke demon's attack.
The smoke demon hits you but does no damage.
The smoke demon hits you.
* * * LOW HITPOINT WARNING * * *
The kobold brigand hits you but does no damage.
You block the kobold brigand's attack.
The kobold brigand hits you but does no damage.
You bludgeon the kobold brigand!!
The kobold brigand looks as sick as possible!
You block the smoke demon's attack. x2; The smoke demon hits you.
* * * LOW HITPOINT WARNING * * *
You redirect the kobold brigand's attack!
The kobold brigand hits the kobold brigand with a +0 short sword.
You block the kobold brigand's attack.
The kobold brigand is stunned by your conviction and fails to attack.
You barely miss the kobold brigand. The smoke demon gestures at you.
The sticky flame hits you. You resist.
You are covered in liquid flames!
* * * LOW HITPOINT WARNING * * *
The kobold brigand hits you but does no damage.
You block the kobold brigand's attack.
The kobold brigand hits you but does no damage.
You sock the kobold brigand!
You kill the kobold brigand!
You are covered in liquid flames!
* * * LOW HITPOINT WARNING * * *
You redirect the smoke demon's attack!
The smoke demon gestures at the kobold brigand.
You block the sticky flame.
You stride towards the kobold brigand!
You bludgeon the kobold brigand!!
You kill the kobold brigand!
You are covered in liquid flames!
* * * LOW HITPOINT WARNING * * *
You are no longer on fire.
The kobold brigand hits you but does no damage.
You block the kobold brigand's attack.
You closely miss the smoke demon.
You block the kobold brigand's attack. x2
You redirect the smoke demon's attack!
The smoke demon gestures at the kobold brigand.
The ball of steam hits the kobold brigand!
You bludgeon the smoke demon!! You block the kobold brigand's attack.
The kobold brigand is engulfed in a cloud of scalding steam.
The kobold brigand hits you but does no damage.
The smoke demon barely misses you.
The smoke demon hits you but does no damage. x2
You puncture the smoke demon!
You block the kobold brigand's attack. x2
The smoke demon gestures at you. Something smites you!
* * * LOW HITPOINT WARNING * * *
You barely miss the smoke demon. You block the kobold brigand's attack.
The kobold brigand hits you but does no damage.
The smoke demon is stunned by your conviction and fails to attack.
You puncture the kobold brigand!
You kill the kobold brigand!
You block the kobold brigand's attack.
The smoke demon hits you but does no damage. x3
You hit the smoke demon.
You kill the smoke demon!
You block the kobold brigand's attack.
You closely miss the kobold brigand. You block the kobold brigand's attack.
You bludgeon the kobold brigand!! The kobold brigand closely misses you.
You puncture the kobold brigand!
You kill the kobold brigand!
You puncture the worldbinder!
The worldbinder hits you but does no damage. x2
The worldbinder calls forth creatures from the Vaults!
You hit the worldbinder but do no damage.
The worldbinder closely misses you.
The worldbinder hits you but does no damage.
You block the cyan very ugly thing's attack.
You puncture the worldbinder! You block the worldbinder's attack. x2
You block the purple very ugly thing's attack.
You hit the worldbinder. You block the worldbinder's attack.
The worldbinder closely misses you.
The cyan very ugly thing tentacle-slaps you!
* * * LOW HITPOINT WARNING * * *
The cyan very ugly thing shocks you!!
* * * LOW HITPOINT WARNING * * *
The worldbinder hits you but does no damage. x2
You block the cyan very ugly thing's attack.
Activating: Apocalypse
Okay, then.
You are restored by drawing out deep reserves of power within.
You feel drained.
The purple very ugly thing closely misses you.
The cyan very ugly thing tentacle-slaps you!
* * * LOW HITPOINT WARNING * * *
The cyan very ugly thing shocks you!!
* * * LOW HITPOINT WARNING * * *
You block the worldbinder's attack.
The worldbinder hits you but does no damage.
The cyan very ugly thing engulfs you.
* * * LOW HITPOINT WARNING * * *
The cyan very ugly thing shocks you!!
You die...

.. ### # ... ###
#...# ...
#....##.#######'##
####.# ##≈
≈≈≈≈≈≈≈.≈# .
..#..'..........≈#
######.##
#≈.~~...~~.≈# #.
.. ≈. #')#~ ≈ .. .
. ≈ ###@u# # ... .
.#####uxu..# .. .
...# ........# ...
.# #..._...## .. .
. #.........# .
#..... ###§.§.####
.### . ## ##§### .
.. . §§ ..


You could see 3 very ugly things and a worldbinder.

Vanquished Creatures
  Rupert (D:13)
  Frances (D:14)
  Louise (D:14)
  A stone giant (D:15)
  A dire elephant (Lair:3)
  A minotaur (Gauntlet)
  An ettin (Orc:2)
  Josephine (D:12)
  5 hydras
  3 boulder beetles
  An ice dragon (Lair:5)
  5 catoblepae
  3 two-headed ogres
  A death knight (D:13)
  12 death yaks
  4 centaur warriors
  4 tengu warriors
  Urug (D:14)
  2 orc high priests (Orc:2)
  Sonja (Orc:2)
  4 skeletal warriors (D:13)
  2 sixfirhies (Gauntlet)
  Lodul (D:11)
  12 wizards
  2 bog bodies (Lair:3)
  An orange crystal statue (Gauntlet)
  2 lindwurms (Lair:5)
  A phantasmal warrior (D:13)
  2 orc knights (Orc:2)
  4 deep elf pyromancers
  5 ugly things
  An oklob plant (Lair:1)
  3 orc sorcerers (Orc:2)
  A wolf spider zombie (D:8)
  6 manticores
  24 elephants
  6 cyclopes
  Joseph (D:8)
  4 black mambas
  6 cane toads
  2 centaur skeletons (D:8)
  A centaur zombie (D:8)
  7 torpor snails
  4 gargoyles
  2 smoke demons (Abyss:4)
  An unseen horror (D:13)
  A minotaur zombie (Gauntlet)
  A kobold demonologist (D:9)
  10 komodo dragons
  A komodo dragon (shapeshifter) (D:13)
  3 rime drakes
  A yaktaur (D:15)
  2 tengu conjurers
  4 tyrant leeches (Lair:5)
  2 hellwings (D:8)
  5 trolls
  A freezing wraith (D:13)
  A polar bear (Lair:3)
  9 hornets (Lair:5)
  9 blink frogs
  A raiju (Abyss:4)
  3 slime creatures (D:12)
  3 dream sheep (Lair:5)
  A meliai zombie (D:8)
  A jumping spider (Lair:2)
  2 shadows
  34 yaks
  12 wraiths
  3 spriggans (Lair:3)
  16 humans
  2 vampires
  5 basilisks
  2 wyverns
  2 redbacks (Lair:2)
  6 vampire mosquitoes
  3 steam dragons
  A warg (Orc:1)
  An acid dragon (D:10)
  6 water moccasins
  22 orc warriors
  2 ice beasts
  4 black bears
  A sky beast (D:7)
  14 ogres
  17 wolves
  2 phantoms
  2 centaurs
  11 kobold brigands
  12 bullfrogs
  5 scorpions
  4 gnoll sergeants
  3 necrophages
  A hornet simulacrum (D:15)
  8 wights
  16 killer bees
  4 electric eels
  4 howler monkeys
  A lava snake (D:7)
  A jelly (D:5)
  Crazy Yiuf (D:4)
  2 hounds (D:5)
  30 orc priests
  A boggart zombie (D:8)
  Ijyb (D:4)
  2 iguanas
  21 orc wizards
  14 gnolls
  7 adders
  5 shadow imps (D:8)
  An ufetubus (D:5)
  4 worms
  3 dart slugs
  77 orcs
  10 ball pythons
  2 bats
  10 endoplasms
  4 giant cockroaches
  7 goblins
  10 hobgoblins
  4 jackals (D:2)
  4 quokkas
  3 training dummies (D:12)
  A ball python skeleton (Ossuary)
  5 frilled lizards
  2 hobgoblin skeletons (Ossuary)
  7 kobolds
  2 kobold zombies (Ossuary)
  An orc skeleton (Ossuary)
  3 orc zombies (Ossuary)
  7 rats
  2 lurking horrors (D:15)
696 creatures vanquished.

Vanquished Creatures (others)
  A hydra (D:10)
  A boulder beetle (D:11)
  A two-headed ogre (D:14)
  An elephant (Lair:3)
  An unseen horror (D:12)
  A komodo dragon (Lair:1)
  A wyvern (Lair:4)
  An ogre (D:7)
  A wight (D:8)
  A killer bee (D:9)
  2 orcs
  110 fungi
  118 plants
  A starspawn tentacle (Abyss:4)
  24 withered plants
265 creatures vanquished.

Grand Total: 961 creatures vanquished

Notes
Turn   | Place    | Note
-------+----------+-------------------------------------------
     0 | D:1      | CryoSword the Ghoul Fighter began the quest for the Orb.
     0 | D:1      | Reached XP level 1. HP: 19/19 MP: 0/0
   160 | D:1      | Reached XP level 2. HP: 26/26 MP: 1/1
   257 | D:1      | Reached skill level 1 in Axes
   800 | D:1      | Reached XP level 3. HP: 33/33 MP: 2/2
  1194 | D:2      | Found a faded altar of an unknown god.
  1308 | D:2      | Reached XP level 4. HP: 41/41 MP: 3/3
  1411 | D:2      | Reached skill level 5 in Fighting
  1904 | D:3      | Found a hazy altar of Hepliaklqana.
  1928 | D:3      | Reached XP level 5. HP: 48/48 MP: 4/4
  2088 | D:3      | HP: 2/50 [hobgoblin (1)]
  2149 | D:3      | HP: 1/50 [hobgoblin/+0 war axe (10)]
  3015 | D:4      | Reached XP level 6. HP: 57/58 MP: 5/5
  3156 | D:4      | Found a shadowy altar of Dithmenos.
  3418 | D:4      | Noticed Ijyb
  3436 | D:4      | Killed Ijyb
  3743 | D:4      | Found a runed translucent door.
  3744 | D:4      | Noticed Crazy Yiuf
  3755 | D:4      | Killed Crazy Yiuf
  3876 | D:5      | Entered Level 5 of the Dungeon
  3907 | D:4      | Reached skill level 1 in Maces & Flails
  4069 | D:5      | Reached XP level 7. HP: 64/66 MP: 6/6
  4077 | D:5      | Found a basalt altar of Yredelemnul.
  4346 | D:5      | Identified the +5 quarterstaff "Soruar" {flame, rF++ Dex-3}
  4590 | D:5      | Found a sacrificial altar of Ru.
  4615 | D:5      | Reached skill level 5 in Maces & Flails
  4615 | D:5      | Reached XP level 8. HP: 53/73 MP: 7/7
  4620 | D:5      | Became a worshipper of Ru the Awakened
  4920 | D:5      | Found an ornate altar of the Wu Jian Council.
  4960 | D:5      | Found a staircase to the Ecumenical Temple.
  5118 | D:5      | You fall into a shaft and drop 3 floors!
  5260 | D:8      | Reached XP level 9. HP: 26/79 MP: 8/8
  5316 | D:7      | Found a sand-covered staircase.
  5359 | Ossuary  | Entered an ossuary
  5934 | D:6      | Found a radiant altar of Vehumet.
  5947 | D:6      | Gained mutation: You are hated by all. [Ru sacrifice]
  5947 | D:6      | Reached * piety under Ru
  5947 | D:6      | Reached ** piety under Ru
  6177 | D:6      | Reached skill level 10 in Maces & Flails
  6413 | D:5      | Found a burning altar of Makhleb.
  7255 | D:6      | Found a shimmering blue altar of Sif Muna.
  7640 | D:7      | Found an ancient bone altar of Kikubaaqudgha.
  8194 | D:7      | Found a shimmering altar of Xom.
  8223 | D:7      | Noticed a cyclops
  8233 | D:7      | Killed a cyclops
  8234 | D:7      | Reached XP level 10. HP: 10/86 MP: 9/9
  8660 | D:7      | Found a sparkling altar of Nemelex Xobeh.
  9532 | D:8      | Noticed Joseph
  9540 | D:8      | Noticed a two-headed ogre
 10311 | D:8      | Found a runed translucent gate.
 10311 | D:8      | Noticed a cyan ugly thing
 10312 | D:8      | Found a runed translucent gate.
 10312 | D:8      | Found a runed translucent gate.
 10313 | D:8      | Noticed a red ugly thing
 10313 | D:8      | Noticed a cyan ugly thing
 10316 | D:8      | Noticed a red ugly thing
 10348 | D:8      | Killed Joseph
 10607 | D:8      | Reached skill level 5 in Shields
 11522 | D:8      | Noticed a two-headed ogre
 11532 | D:8      | HP: 4/86 [two-headed ogre/+0 giant spiked club (13)]
 11534 | D:8      | Killed a two-headed ogre
 11535 | D:8      | Reached XP level 11. HP: 4/92 MP: 10/10
 12023 | D:8      | Gained mutation: You cannot study or use magical devices.
                  | [Ru sacrifice]
 12023 | D:8      | Reached *** piety under Ru
 12059 | D:8      | Killed a two-headed ogre
 12230 | D:8      | Found Etzutul's Book Boutique.
 12500 | D:9      | Found Quxuet's Antique Armour Shop.
 12501 | D:9      | Noticed a boulder beetle
 12751 | D:9      | Found a staircase to the Orcish Mines.
 13930 | D:9      | Bought a shiny plate armour for 676 gold pieces
 13979 | D:9      | Found a staircase to the Lair.
 14025 | D:9      | Found a transporter.
 14027 | D:9      | Noticed a moth of wrath
 14057 | D:9      | Noticed a tengu warrior
 14058 | D:9      | Found a bloodstained altar of Trog.
 14165 | D:9      | Found a stormy altar of Qazlal.
 14293 | D:10     | Entered Level 10 of the Dungeon
 14414 | D:10     | Found a transporter.
 14414 | D:10     | Found a transporter.
 14419 | D:10     | Found a transporter.
 14561 | D:10     | Found a transporter.
 15082 | D:10     | Reached skill level 1 in Dodging
 15561 | D:9      | Found a transporter.
 15566 | D:9      | Noticed Henri's ghost (novice OpVM)
 15570 | D:9      | Noticed a two-headed ogre
 15953 | D:10     | Noticed a boulder beetle
 16242 | D:10     | Noticed an eight-headed hydra
 16259 | D:10     | Killed an eight-headed hydra
 16615 | D:10     | Gained mutation: You cannot train Dodging skill. [Ru
                  | sacrifice]
 16615 | D:10     | Reached **** piety under Ru
 16615 | D:10     | Reached ***** piety under Ru
 16941 | D:11     | Noticed a cyclops
 16961 | D:11     | Killed a cyclops
 17082 | D:11     | Noticed a purple ugly thing
 17092 | D:11     | Killed a purple ugly thing
 17093 | D:11     | Reached XP level 12. HP: 78/103 MP: 11/11
 17632 | D:11     | Noticed Lodul
 17637 | D:11     | Killed Lodul
 17638 | D:11     | Reached skill level 5 in Armour
 17823 | D:11     | Noticed a boulder beetle
 17842 | D:11     | Killed a boulder beetle
 18396 | Lair:1   | Entered Level 1 of the Lair of Beasts
 18742 | Lair:1   | Reached skill level 10 in Fighting
 18833 | Lair:1   | Noticed a catoblepas
 18848 | Lair:1   | Killed a catoblepas
 19025 | Lair:1   | Noticed a boulder beetle
 19047 | Lair:1   | Killed a boulder beetle
 19391 | Lair:1   | Noticed a four-headed hydra
 19425 | Lair:1   | Killed a four-headed hydra
 19484 | Lair:1   | Identified the +11 flail "Fimar" {protect, Str-4 Int+8
                  | Dex+3 Stlth+}
 20090 | Lair:1   | Gained mutation: You are somewhat inexperienced. (-1 XL)
                  | [Ru sacrifice]
 20090 | Lair:1   | Reached XP level 11. HP: 81/101 MP: 10/10
 20090 | Lair:1   | Reached ****** piety under Ru
 20234 | Lair:2   | Reached XP level 12. HP: 58/110 MP: 11/11
 20324 | Lair:2   | Found a hole to the Spider Nest.
 20526 | Lair:2   | Found a gate leading to a gauntlet.
 20535 | Gauntlet | Entered a Gauntlet
 20535 | Gauntlet | Found a transporter.
 20538 | Gauntlet | Found a transporter.
 20547 | Gauntlet | Noticed a great orb of eyes
 20551 | Gauntlet | Found a transporter.
 20555 | Gauntlet | Found a transporter.
 20565 | Gauntlet | Found a transporter.
 20586 | Gauntlet | Found a transporter.
 20599 | Gauntlet | Found a transporter.
 20621 | Gauntlet | Found a transporter.
 20623 | Gauntlet | Found a transporter.
 20631 | Gauntlet | Found a transporter.
 20633 | Gauntlet | Noticed a balrug
 20652 | Gauntlet | Found a transporter.
 20662 | Gauntlet | Found a transporter.
 20829 | Gauntlet | Identified the amulet "Runokh" {*Corrode Regen+ Int+8 Dex+3
                  | Stlth-}
 21044 | Gauntlet | Identified the ring "Ydiss" {*Corrode rN+ MP+9 Str+7 Int+4}
 21044 | Gauntlet | Noticed a minotaur
 21054 | Gauntlet | Killed a minotaur
 22399 | Lair:3   | Reached skill level 10 in Shields
 22540 | Lair:3   | Found a staircase to the Swamp.
 23077 | Lair:3   | Reached XP level 13. HP: 103/119 MP: 12/12
 23292 | Lair:3   | Noticed a dire elephant
 23316 | Lair:3   | Killed a dire elephant
 24566 | Lair:5   | Entered Level 5 of the Lair of Beasts
 24854 | Lair:5   | Found a staircase to the Slime Pits.
 25291 | Lair:5   | Reached skill level 10 in Armour
 25860 | Lair:5   | Found a runed translucent door.
 26253 | Lair:5   | Reached XP level 14. HP: 113/130 MP: 13/13
 27459 | D:8      | Found a runed translucent gate.
 27459 | D:8      | Found a runed translucent gate.
 27465 | D:8      | Noticed kalagan's ghost (novice DECj)
 27469 | D:8      | Found a runed translucent gate.
 27928 | D:12     | Found a portal to a secret trove of treasure.
 28131 | D:12     | Found Cir Yrud's Firing Range.
 28413 | D:12     | Noticed Josephine
 28420 | D:12     | Killed Josephine
 28913 | D:13     | Identified a scroll of acquirement
 28914 | D:13     | Acquired a +0 eveningstar of protection
 30529 | D:13     | Identified the +1 robe of Bitterness {Int+2}
 30853 | D:14     | Noticed Rupert
 30853 | D:14     | Noticed Urug
 30853 | D:14     | Found a gate to the Vaults.
 30921 | D:14     | Noticed Louise
 31132 | D:13     | Killed Rupert
 31228 | D:14     | Killed Urug
 31371 | D:14     | Killed Louise
 31372 | D:14     | Noticed Frances
 31392 | D:14     | Killed Frances
 31407 | D:14     | Reached XP level 15. HP: 67/137 MP: 14/14
 31540 | D:9      | Bought a runed scarf for 208 gold pieces
 31678 | D:14     | Found Seri's Antique Armour Shop.
 31722 | D:14     | Bought the +3 pair of seven-league boots {Rampage+∞} for
                  | 1280 gold pieces
 31722 | D:14     | Found the +3 pair of seven-league boots {Rampage+∞}
 31904 | D:15     | Entered Level 15 of the Dungeon
 32421 | D:15     | Found a corrupted altar of Lugonu.
 32422 | D:15     | Found a one-way gate to the infinite horrors of the Abyss.
 32598 | D:15     | Reached skill level 15 in Fighting
 32698 | D:15     | Found a staircase to the Depths.
 33241 | Orc:1    | Entered Level 1 of the Orcish Mines
 33520 | Orc:2    | Entered Level 2 of the Orcish Mines
 33552 | Orc:2    | Reached skill level 15 in Maces & Flails
 33641 | Orc:2    | Found a staircase to the Elven Halls.
 33912 | Orc:2    | Noticed Sonja
 33923 | Orc:2    | Killed Sonja
 34098 | Abyss:4  | Cast into level 4 of the Abyss (orc warlord)
 34125 | Abyss:4  | Got an abyssal rune of Zot
 34133 | Abyss:4  | Noticed a tentacled starspawn
 34167 | Abyss:4  | Found a corrupted altar of Lugonu.
 34199 | Abyss:4  | Slain by a cyan very ugly thing

Illustrated notes

Levels and vault maps discovered:
D:1:      minmay_arrival_split_and_join, layout_basic, minmay_tall_x
D:2:      layout_basic, dreamdust_ecumenical_altar_grove
D:3:      layout_basic, overflow_temple_1_default,
          nicolae_concentric_dashed_squares_mild, minmay_misc_feat_chi,
          serial_bayou_pond_b, grunt_ministairs_13
D:4:      layout_loops_cross, nicolae_overflow_hidden_temple, uniq_ijyb,
          uniq_crazy_yiuf_cottage
D:5:      minmay_razor_zed, layout_layer_cave, makhleb_heckhound_becter,
          mainiacjoe_overflow_cross_hatched, pdpol_wu_jian_five_deadly_venoms,
          nicolae_overflow_crystal_walls, temple_fountains,
          hangedman_decor_opposing, kennysheep_generic_room_13
D:6:      layout_basic, zin_treasury, mainiacjoe_overflow_concentric_impassable,
          amcnicky_altar_gilded, tso_metal_star, corexii_item_surrounded_by_moat
D:7:      layout_rooms, old_standard_altar, nemelex_diamond_rough_becter,
          lemuel_doored_altar, nicolae_ossuary_entry_false_entrances,
          serial_bayou_pond_b, kennysheep_small_spiral, kennysheep_dice
D:8:      cheibrodos_grave_circle, layout_basic, fedhas_altar_1,
          ploomutoo_gammafunk_ghost_potion_laboratory, serial_shops,
          nicolae_shop_advertising_works [nicolae_subvault_shop_adworks],
          grunt_ogre_cave, uniq_joseph
D:9:      layout_irregular_city, kennysheep_mini_moat, lair_entry_dummy,
          david_orc_1_choice, gammafunk_ghost_wrathful_warriors, serial_shops,
          nicolae_stop_n_shop_1
D:10:     minmay_bloctagon, layout_cave_pods, hangedman_decor_peaks_small,
          nicolae_diode_quadrants
D:11:     layout_loops_corners, nicolae_water_bricks, uniq_lodul
D:12:     layout_gridville, nicolae_trove_entry_isolated, corner_web_ring,
          nicolae_shop_firing_range, uniq_josephine
D:13:     minmay_wizard_corner, layout_irregular_city
D:14:     layout_rooms, david_vaults_3, hex_intersection, serial_shops,
          nicolae_shop_overgrown_old_shop, uniq_louise, uniq_frances
D:15:     grunt_enter_depths_snipers, layout_loops_corners,
          hangedman_abyss_or_decor_slice, amcnicky_altar_lugonu_corruption
Lair:1:   layout_concentric_octagons, grunt_megastairs_1, uniq_urug
Lair:2:   layout_gridlike, spider_nest_entry_a, gauntlet_entry_generic,
          beast_lair_carwin_4, infiniplex_staircase_pool
Lair:3:   mu_elephants_graveyard, layout_long_grid, skrybe_swamp_entry_bodies,
          forest_entry_grove
Lair:4:   layout_cave_pods
Lair:5:   wormcave, layout_cellular_growth, slime_entry_1, grunt_megastairs_5
Orc:1:    layout_caves, bh_open_orc_temple
Orc:2:    st_orc_congregation, layout_diamond_mine, basic_altar, uniq_sonja
Abyss:4:  base: D:7, evilmike_nicolae_abyss_rune_containment_curve,
          hangedman_elemental_corridor, due_exit_kobolds

Skill      XL: |  1  2  3  4  5  6  7  8  9 10 11 12 13 14 15 |
---------------+----------------------------------------------+-----
Polearms       | 2 |  2.0
Axes           | 1 |  1.4
Fighting       | 4 5 6 7 11 12 13 14 15 | 15.3
Maces & Flails | 2 5 8 10 12 13 14 15 | 15.3
Shields        | 3 6 7 10 12 14 | 14.1
Armour         | 4 9 10 11 | 11.9
Dodging        | 0 |  0.0

Action                   |  1- 3 |  4- 6 |  7- 9 | 10-12 | 13-15 || total
-------------------------+-------+-------+-------+-------+-------++-------
Melee: Hand axe          |    43 |       |       |       |       ||    43
       Trident           |     3 |       |       |       |       ||     3
       Dagger            |    84 |   196 |       |       |       ||   280
       Short sword       |       |    18 |       |       |       ||    18
       Mace              |       |    51 |   448 |   620 |       ||  1119
       Dire flail        |       |       |       |   274 |       ||   274
       Flail             |       |       |       |   453 |   584 ||  1037
       Eveningstar       |       |       |       |       |   566 ||   566
Throw: Dart              |       |     4 |     3 |    15 |     3 ||    25
       Throwing net      |       |       |       |     4 |     3 ||     7
Invok: Sacrifice Love    |       |       |     1 |       |       ||     1
       Draw Out Power    |       |       |       |     7 |     3 ||    10
       Sacrifice Artific |       |       |       |     1 |       ||     1
       Sacrifice Nimblen |       |       |       |     1 |       ||     1
       Sacrifice Experie |       |       |       |     1 |       ||     1
       Apocalypse        |       |       |       |     2 |     6 ||     8
Evoke: Wand              |       |       |    18 |    11 |       ||    29
  Use: Scroll            |     1 |     7 |     2 |    15 |    18 ||    43
       Potion            |       |       |     4 |    11 |     2 ||    17
 Stab: Paralysed         |       |       |    26 |       |    12 ||    38
       Distracted        |       |       |       |     2 |     7 ||     9
       Invisible         |       |       |       |     9 |     4 ||    13
       Held in net/web   |       |       |       |     1 |       ||     1
Armor: Scale mail        |    54 |   137 |   230 |       |       ||   421
       Steam dragon scal |       |       |    16 |   264 |       ||   280
       Plate armour      |       |       |       |   599 |   657 ||  1256
       Ring mail         |       |       |       |       |   166 ||   166
Dodge: Dodged            |    59 |    92 |   172 |   381 |   250 ||   954
       Repelled          |       |       |       |       |     1 ||     1
Block: Buckler           |    24 |    52 |    77 |       |       ||   153
       Kite shield       |       |       |    23 |   501 |   524 ||  1048
       Tower shield      |       |       |       |       |   182 ||   182
